[Event "Gibraltar ChallWk1 13th"]
[Site "Gibraltar"]
[Date "2015.01.30"]
[Round "5.7"]
[White "Pena Riasco, Alexander"]
[Black "Fiori, Hector"]
[Result "1/2-1/2"]
[ECO "B19"]
[WhiteElo "2181"]
[BlackElo "2066"]
[PlyCount "116"]
[EventDate "2015.01.26"]
[EventType "swiss"]
[EventRounds "5"]
[EventCountry "GGB"]
[SourceTitle "BritBase"]
[Source "www.saund.co.uk"]
[SourceDate "2018.02.10"]
[SourceVersion "1"]
[SourceVersionDate "2018.02.10"]
[SourceQuality "1"]
[TimeControl "7200+1505"]
[WhiteClock "0:01:09"]
[BlackClock "0:01:26"]

1. e4 c6 2. d4 d5 3. Nc3 dxe4 4. Nxe4 Bf5 5. Ng3 Bg6 6. Nf3 Nd7 7. h4 h6 8. h5
Bh7 9. Bd3 Bxd3 10. Qxd3 e6 11. Bd2 Ngf6 12. O-O-O Be7 13. Kb1 O-O 14. Ne4 Nxe4
15. Qxe4 Nf6 16. Qe2 Qd5 17. Be3 Qb5 18. c4 Qf5+ 19. Ka1 c5 20. Ne5 cxd4 21.
Bxd4 Qe4 22. Qd2 Rfd8 23. f3 Qh7 24. Qe3 Nd7 25. Ng4 b6 26. Nf2 Nc5 27. Ne4
Rdc8 28. Nc3 a5 29. g4 a4 30. Bxc5 Rxc5 31. Rd7 Bf6 32. Ne4 a3 33. Qd3 Bxb2+
34. Kb1 Rcc8 35. Rxf7 Kh8 36. Rd1 Qg8 37. Rd7 Qf8 38. Nd6 Bf6 39. Nf7+ Kg8 40.
Nxh6+ Kh8 41. Nf7+ Kg8 42. Qb3 b5 43. h6 Be7 44. Ne5 gxh6 45. Ng6 bxc4 46.
Nxe7+ Qxe7 47. Rxe7 cxb3 48. axb3 Rc3 49. Rxe6 Rxb3+ 50. Ka2 Rxf3 51. Rd2 Rg3
52. Re4 Rb8 53. Red4 Rb2+ 54. Rxb2 axb2 55. Kxb2 Kg7 56. Kc2 Kg6 57. Kd2 Kg5
58. Ke2 Rxg4 1/2-1/2

[Event "Gibraltar ChallWk1 13th"]
[Site "Gibraltar"]
[Date "2015.01.30"]
[Round "5.8"]
[White "Osuna Vega, Enrique"]
[Black "Agrest, Inna"]
[Result "0-1"]
[ECO "C44"]
[WhiteElo "2108"]
[BlackElo "2179"]
[PlyCount "134"]
[EventDate "2015.01.26"]
[EventType "swiss"]
[EventRounds "5"]
[EventCountry "GGB"]
[SourceTitle "BritBase"]
[Source "www.saund.co.uk"]
[SourceDate "2018.02.10"]
[SourceVersion "1"]
[SourceVersionDate "2018.02.10"]
[SourceQuality "1"]
[TimeControl "7200+1030"]
[WhiteClock "0:00:25"]
[BlackClock "0:00:47"]

1. e4 e5 2. Nf3 Nc6 3. c3 d5 4. Qa4 dxe4 5. Nxe5 Qd5 6. Nxc6 bxc6 7. Bc4 Qd7 8.
O-O Nf6 9. d3 Bd6 10. dxe4 O-O 11. h3 Nxe4 12. Qc2 Qe7 13. Re1 Bf5 14. Bd3 Qe5
15. g3 Rae8 16. Nd2 Bc5 17. Nxe4 Bxe4 18. Bf4 Bxd3 19. Rxe5 Bxc2 20. Rxc5 Re6
21. Rc1 Be4 22. Ra5 Rfe8 23. Rxa7 Bf3 24. Be3 R6e7 25. g4 f6 26. Kh2 g5 27. Kg3
Bd5 28. c4 Bf7 29. b3 h5 30. gxh5 Bxh5 31. a4 Rb8 32. Rc3 Bd1 33. b4 f5 34.
Bxg5 Rg7 35. Kf4 Rxb4 36. Kxf5 Rb2 37. f4 Bc2+ 38. Kg4 Be4 39. Rg3 Rc2 40. h4
Rf7 41. Ra5 Rxc4 42. h5 c5 43. h6 Kh7 44. Ra6 Bf5+ 45. Kf3 Rc3+ 46. Kf2 Rc2+
47. Ke1 Rc1+ 48. Kf2 Rc2+ 49. Ke1 Rd7 50. Re3 Rc1+ 51. Kf2 Rd2+ 52. Re2 Rd7 53.
Ra8 c4 54. Rd8 Rxd8 55. Bxd8 Kxh6 56. a5 c3 57. a6 Ra1 58. a7 Rxa7 59. Re3 c2
60. Bg5+ Kg6 61. Rc3 Ra1 62. Rc6+ Kf7 63. Rxc7+ Ke6 64. Re7+ Kd6 65. Rf7 c1=Q
66. Rf6+ Kc7 67. Rxf5 Qc2+ 0-1

[Event "Gibraltar ChallWk1 13th"]
[Site "Gibraltar"]
[Date "2015.01.30"]
[Round "5.9"]
[White "Boyer Censore, Giuseppe Enmanu"]
[Black "Herman, Diego"]
[Result "1-0"]
[ECO "B07"]
[WhiteElo "1960"]
[BlackElo "2148"]
[PlyCount "100"]
[EventDate "2015.01.26"]
[EventType "swiss"]
[EventRounds "5"]
[EventCountry "GGB"]
[SourceTitle "BritBase"]
[Source "www.saund.co.uk"]
[SourceDate "2018.02.10"]
[SourceVersion "1"]
[SourceVersionDate "2018.02.10"]
[SourceQuality "1"]
[TimeControl "6600+1245"]
[WhiteClock "0:00:42"]
[BlackClock "0:04:44"]

1. e4 d6 2. d4 Nf6 3. Nc3 g6 4. Be3 c6 5. Qd2 b5 6. f3 Nbd7 7. g4 Nb6 8. h4 b4
9. Nb1 Be6 10. Qxb4 Rb8 11. Qa5 Bg7 12. Nd2 O-O 13. O-O-O Qc7 14. Bd3 Nfd7 15.
c3 c5 16. Kb1 c4 17. Bc2 Rb7 18. Ne2 Rfb8 19. Ka1 f6 20. g5 Bf7 21. h5 Nf8 22.
hxg6 hxg6 23. gxf6 exf6 24. Bh6 Ne6 25. Bxg7 Kxg7 26. Rdg1 Rh8 27. Rxh8 Kxh8
28. f4 Nd8 29. Rh1+ Kg7 30. Rg1 Kh8 31. Nf3 Qd7 32. Rg3 Nc6 33. Qa3 Rb8 34. Nh4
Rg8 35. b3 Ne7 36. Qc1 Rg7 37. Ng1 Qb5 38. b4 a5 39. a3 axb4 40. cxb4 Nc6 41.
Ngf3 c3 42. d5 Nxb4 43. axb4 Bxd5 44. Nxg6+ Kg8 45. Qa3 Qf1+ 46. Bb1 c2 47. Nd2
c1=Q 48. Nxf1 Qxf1 49. Ne7+ Kf8 50. Rxg7 Qxf4 1-0

[Event "Gibraltar ChallWk1 13th"]
[Site "Gibraltar"]
[Date "2015.01.30"]
[Round "5.11"]
[White "Gonzalez Gonzalez, Alfonso"]
[Black "Maloberti, David"]
[Result "0-1"]
[ECO "A45"]
[WhiteElo "2160"]
[BlackElo "2108"]
[PlyCount "102"]
[EventDate "2015.01.26"]
[EventType "swiss"]
[EventRounds "5"]
[EventCountry "GGB"]
[SourceTitle "BritBase"]
[Source "www.saund.co.uk"]
[SourceDate "2018.02.10"]
[SourceVersion "1"]
[SourceVersionDate "2018.02.10"]
[SourceQuality "1"]
[TimeControl "6600+645"]
[WhiteClock "0:08:41"]
[BlackClock "0:02:17"]

1. d4 Nf6 2. Bg5 e6 3. e4 d5 4. e5 h6 5. Bf4 Nfd7 6. Bd3 c5 7. c3 Nc6 8. Ne2
Qb6 9. Nd2 c4 10. Bc2 Qxb2 11. O-O Qa3 12. Bg3 Nb6 13. f4 Ne7 14. Rf3 Bd7 15.
Nf1 g6 16. Bh4 h5 17. Bf6 Rh7 18. Rh3 Bh6 19. Nd2 Nf5 20. Kf2 Bc6 21. Nf3 Nd7
22. Bg5 Qf8 23. Ng3 Bg7 24. Qe2 Qa3 25. Bxf5 Qxc3 26. Qc2 Qxa1 27. Bxg6 Rh8 28.
Nxh5 Rxh5 29. Bxh5 Nf8 30. g4 b5 31. Rg3 b4 32. Rg1 Qc3 33. Qb1 b3 34. axb3
Qxb3 35. Qa1 a5 36. Rb1 Qa4 37. Qc3 Bd7 38. Nd2 Nh7 39. Bh4 Kf8 40. Ra1 Qb5 41.
Qa3+ Kg8 42. Kg3 a4 43. Be7 Qc6 44. Bc5 Rb8 45. g5 Bf8 46. Bxf8 Nxf8 47. Rc1
Be8 48. h4 Rb6 49. Bf3 Qb7 50. Nf1 Rb3 51. Qa1 Qb4 0-1

[Event "Gibraltar ChallWk1 13th"]
[Site "Gibraltar"]
[Date "2015.01.30"]
[Round "5.12"]
[White "Burrows, Martin P"]
[Black "Nieto Asencio, Maria Del Carme"]
[Result "1-0"]
[ECO "B36"]
[WhiteElo "2136"]
[BlackElo "1985"]
[PlyCount "95"]
[EventDate "2015.01.26"]
[EventType "swiss"]
[EventRounds "5"]
[EventCountry "GGB"]
[SourceTitle "BritBase"]
[Source "www.saund.co.uk"]
[SourceDate "2018.02.10"]
[SourceVersion "1"]
[SourceVersionDate "2018.02.10"]
[SourceQuality "1"]
[TimeControl "7200+1035"]
[WhiteClock "0:18:45"]
[BlackClock "0:04:12"]

1. e4 c5 2. Nf3 g6 3. d4 cxd4 4. Nxd4 Nc6 5. c4 Nf6 6. Nc3 Nxd4 7. Qxd4 d6 8.
Bg5 Bg7 9. Be2 Qa5 10. Qd2 Be6 11. f3 Rc8 12. b3 a6 13. Na4 Qxd2+ 14. Kxd2 Bd7
15. Nb6 Rc5 16. Be3 Rc6 17. Rac1 Be6 18. Nd5 Bxd5 19. cxd5 Rxc1 20. Rxc1 Kd7
21. a4 Rc8 22. Rxc8 Kxc8 23. a5 Nd7 24. b4 Be5 25. f4 Bb2 26. g4 Bf6 27. g5 Bb2
28. h4 Ba1 29. Bg4 Kc7 30. Kd3 Bb2 31. Bd2 Ba1 32. Bc3 Bxc3 33. Kxc3 Nf8 34.
Kd4 Kd8 35. e5 Kc7 36. h5 Kd8 37. h6 Kc7 38. e6 fxe6 39. dxe6 Kc6 40. f5 gxf5
41. Bxf5 d5 42. Ke5 d4 43. Bxh7 Nxh7 44. g6 d3 45. gxh7 d2 46. h8=Q d1=Q 47.
Qe8+ Kc7 48. Qd7+ 1-0

[Event "Gibraltar ChallWk1 13th"]
[Site "Gibraltar"]
[Date "2015.01.30"]
[Round "5.13"]
[White "Verneuil, Pascal"]
[Black "Kuhne, Detlev"]
[Result "1/2-1/2"]
[ECO "B02"]
[WhiteElo "2093"]
[BlackElo "2131"]
[PlyCount "86"]
[EventDate "2015.01.26"]
[EventType "swiss"]
[EventRounds "5"]
[EventCountry "GGB"]
[SourceTitle "BritBase"]
[Source "www.saund.co.uk"]
[SourceDate "2018.02.10"]
[SourceVersion "1"]
[SourceVersionDate "2018.02.10"]
[SourceQuality "1"]
[TimeControl "7200+625"]
[WhiteClock "0:47:40"]
[BlackClock "0:56:30"]

1. e4 Nf6 2. e5 Nd5 3. c4 Nb6 4. c5 Nd5 5. Nc3 e6 6. d4 d6 7. Ne4 dxe5 8. dxe5
Be7 9. Nf3 O-O 10. Bg5 b6 11. Bxe7 Qxe7 12. Qc2 Nb4 13. Qc4 Nd5 14. a3 Ba6 15.
Qc2 Bxf1 16. Kxf1 bxc5 17. Nfg5 g6 18. h4 Nc6 19. h5 h6 20. hxg6 hxg5 21. g7
Kxg7 22. Nf6 Nxe5 23. Nxd5 exd5 24. Qh7+ Kf6 25. Re1 Ke6 26. Rh6+ Qf6 27. Rxf6+
Kxf6 28. f4 gxf4 29. Qh4+ Ke6 30. Qxf4 f6 31. Qa4 Kd6 32. Rd1 c6 33. b4 c4 34.
b5 Rfc8 35. Kg1 cxb5 36. Qxb5 Rc5 37. Qa6+ Rc6 38. Qb7 Rac8 39. Qg7 Ke6 40. Rf1
Nd7 41. Qg4+ Kd6 42. Qf4+ Kc5 43. Qd2 Kd6 1/2-1/2

[Event "Gibraltar ChallWk1 13th"]
[Site "Gibraltar"]
[Date "2015.01.30"]
[Round "5.14"]
[White "Janev, Pavel"]
[Black "Odeh, Kenneth"]
[Result "1-0"]
[ECO "B17"]
[WhiteElo "2196"]
[BlackElo "1982"]
[PlyCount "91"]
[EventDate "2015.01.26"]
[EventType "swiss"]
[EventRounds "5"]
[EventCountry "GGB"]
[SourceTitle "BritBase"]
[Source "www.saund.co.uk"]
[SourceDate "2018.02.10"]
[SourceVersion "1"]
[SourceVersionDate "2018.02.10"]
[SourceQuality "1"]
[TimeControl "7200+1155"]
[WhiteClock "0:03:57"]
[BlackClock "0:31:54"]

1. e4 c6 2. Nf3 d5 3. Nc3 dxe4 4. Nxe4 Bg4 5. h3 Bxf3 6. Qxf3 e6 7. g3 Nd7 8.
d4 Ngf6 9. Nxf6+ Nxf6 10. c3 Be7 11. Bg2 Qd5 12. O-O Qxf3 13. Bxf3 O-O 14. Rd1
h6 15. Kf1 Nh7 16. Ke2 Rad8 17. Be3 Bg5 18. b4 Bxe3 19. fxe3 Rd7 20. a4 Rc8 21.
Kd3 Nf6 22. Kc2 Nd5 23. Re1 Rcc7 24. Kb3 Kf8 25. c4 Ne7 26. b5 b6 27. bxc6 Nxc6
28. Bxc6 Rxc6 29. a5 Rb7 30. Rec1 bxa5+ 31. Kc3 Rcb6 32. Kd3 Rb2 33. c5 R2b5
34. Rc3 Ke8 35. e4 Rc7 36. Rac1 Kd7 37. d5 exd5 38. exd5 a4 39. Kd4 Rb4+ 40.
Rc4 a5 41. d6 Rc8 42. Kd5 a3 43. c6+ Kd8 44. Rxb4 axb4 45. Re1 b3 46. d7 1-0

[Event "Gibraltar ChallWk1 13th"]
[Site "Gibraltar"]
[Date "2015.01.30"]
[Round "5.15"]
[White "O'Toole, George E"]
[Black "Machlik, Monika"]
[Result "1/2-1/2"]
[ECO "B12"]
[WhiteElo "2242"]
[BlackElo "2015"]
[PlyCount "69"]
[EventDate "2015.01.26"]
[EventType "swiss"]
[EventRounds "5"]
[EventCountry "GGB"]
[SourceTitle "BritBase"]
[Source "www.saund.co.uk"]
[SourceDate "2018.02.10"]
[SourceVersion "1"]
[SourceVersionDate "2018.02.10"]
[SourceQuality "1"]
[TimeControl "7200+945"]
[WhiteClock "0:08:14"]
[BlackClock "0:03:59"]

1. e4 c6 2. d4 d5 3. e5 c5 4. dxc5 Nc6 5. Nf3 Bg4 6. c3 e6 7. Be3 Bxf3 8. Qxf3
Nxe5 9. Bb5+ Nc6 10. O-O Nf6 11. Bd4 Be7 12. Nd2 O-O 13. Rfe1 Qc7 14. Qe2 b6
15. cxb6 Nxd4 16. bxc7 Nxe2+ 17. Rxe2 Rac8 18. Nb3 Rxc7 19. Rd1 Ne8 20. Bxe8
Rxe8 21. f4 Kf8 22. f5 Bf6 23. Kf1 Ree7 24. Nd4 Bxd4 25. Rxd4 Ke8 26. Red2 Red7
27. Rh4 h6 28. fxe6 fxe6 29. Ke2 Ke7 30. Rhd4 Kd6 31. c4 Kc6 32. cxd5+ exd5 33.
h4 Re7+ 34. Kd3 Kd6 35. Rf2 1/2-1/2

[Event "Gibraltar ChallWk1 13th"]
[Site "Gibraltar"]
[Date "2015.01.30"]
[Round "5.17"]
[White "Elishev, Ivan"]
[Black "Lochte, Szilvia"]
[Result "1-0"]
[ECO "B21"]
[WhiteElo "2153"]
[BlackElo "1934"]
[PlyCount "75"]
[EventDate "2015.01.26"]
[EventType "swiss"]
[EventRounds "5"]
[EventCountry "GGB"]
[SourceTitle "BritBase"]
[Source "www.saund.co.uk"]
[SourceDate "2018.02.10"]
[SourceVersion "1"]
[SourceVersionDate "2018.02.10"]
[SourceQuality "1"]
[TimeControl "7200+1110"]
[WhiteClock "0:27:03"]
[BlackClock "0:32:51"]

1. e4 c5 2. d4 cxd4 3. c3 dxc3 4. Nxc3 e6 5. Nf3 a6 6. Bc4 b5 7. Bb3 Bb7 8. Qe2
d6 9. O-O Nd7 10. Rd1 Ngf6 11. Bf4 b4 12. Nd5 Nxd5 13. exd5 Nc5 14. dxe6 fxe6
15. Bxe6 Bxf3 16. Qxf3 Nxe6 17. Re1 Be7 18. Rxe6 O-O 19. Qd5 Kh8 20. Bxd6 Bxd6
21. Rxd6 Qe7 22. Rd7 Qf6 23. Qd4 Qxd4 24. Rxd4 a5 25. Rc1 Ra7 26. f4 Kg8 27.
Kf2 Re8 28. Re1 Rc8 29. Red1 Re7 30. Rd8+ Rxd8 31. Rxd8+ Kf7 32. Rd5 Rc7 33.
Ke3 Rc2 34. Rd2 Rc4 35. g3 Ke6 36. Kd3 Rc5 37. Re2+ Kd6 38. Re5 1-0

[Event "Gibraltar ChallWk2 13th"]
[Site "Gibraltar"]
[Date "2015.01.31"]
[Round "1.1"]
[White "Menna Barreto, Felipe Kubiaki"]
[Black "Michalowski, Peter"]
[Result "0-1"]
[ECO "D05"]
[WhiteElo "2247"]
[BlackElo "2024"]
[PlyCount "100"]
[EventDate "2015.01.31"]
[EventType "swiss"]
[EventRounds "5"]
[EventCountry "GGB"]
[SourceTitle "BritBase"]
[Source "www.saund.co.uk"]
[SourceDate "2018.02.10"]
[SourceVersion "1"]
[SourceVersionDate "2018.02.10"]
[SourceQuality "1"]
[TimeControl "7200+1230"]
[WhiteClock "0:01:33"]
[BlackClock "0:01:12"]

1. d4 Nf6 2. Nf3 e6 3. e3 d5 4. Bd3 Be7 5. O-O O-O 6. Nbd2 b6 7. b3 Ba6 8. c4
c5 9. Bb2 Nbd7 10. Ne5 cxd4 11. exd4 Rc8 12. f4 g6 13. Qe2 Re8 14. Ndf3 Nh5 15.
g3 f5 16. Rac1 Nxe5 17. fxe5 Ng7 18. Rc2 Bb7 19. Qe3 g5 20. Bc1 g4 21. Ne1 h5
22. Ng2 Kf7 23. Nf4 dxc4 24. bxc4 h4 25. Rcf2 hxg3 26. hxg3 Rh8 27. Ng2 Rh3 28.
d5 Qh8 29. Nh4 Bxh4 30. Bxf5 Rxg3+ 31. Qxg3 Bxg3 32. Bxe6+ Ke8 33. Bf7+ Kd7 34.
e6+ Kc7 35. Rg2 Bd6 36. Bb2 Bc5+ 37. Rff2 Rf8 38. Be5+ Kc8 39. Rxg4 Bxf2+ 40.
Kxf2 Qh3 41. Rxg7 Qf5+ 42. Kg1 Qxe5 43. Rh7 Qe3+ 44. Kh2 Qf4+ 45. Kg1 Qg4+ 46.
Kh2 Qe2+ 47. Kg1 Qd1+ 48. Kh2 Qc2+ 49. Kg3 Qxh7 50. e7 Qxf7 0-1

[Event "Gibraltar ChallWk2 13th"]
[Site "Gibraltar"]
[Date "2015.01.31"]
[Round "1.2"]
[White "Van De Wynkele, Eric"]
[Black "Sanchez Botella, Luis Javier"]
[Result "0-1"]
[ECO "B23"]
[WhiteElo "2017"]
[BlackElo "2246"]
[PlyCount "77"]
[EventDate "2015.01.31"]
[EventType "swiss"]
[EventRounds "5"]
[EventCountry "GGB"]
[SourceTitle "BritBase"]
[Source "www.saund.co.uk"]
[SourceDate "2018.02.10"]
[SourceVersion "1"]
[SourceVersionDate "2018.02.10"]
[SourceQuality "1"]
[TimeControl "7200+815"]
[WhiteClock "0:12:45"]
[BlackClock "0:27:07"]

1. e4 c5 2. Nc3 e6 3. g3 d5 4. d3 dxe4 5. Nxe4 Nc6 6. Bg2 Nge7 7. Nf3 Nf5 8.
O-O Be7 9. c3 h5 10. h3 Qd7 11. Qc2 b6 12. Re1 Ba6 13. Bf1 Rd8 14. Rd1 e5 15.
b3 h4 16. g4 Nh6 17. Bxh6 Rxh6 18. Nh2 Kf8 19. f3 Rg6 20. Be2 Bg5 21. Nxg5 Rxg5
22. Nf1 Rg6 23. Rd2 Qf5 24. Qd1 Qg5 25. Qe1 Rgd6 26. Rad1 Ne7 27. d4 Bxe2 28.
Rxe2 Ng6 29. Re4 exd4 30. cxd4 Rxd4 31. Rdxd4 cxd4 32. Qb4+ Qc5 33. Qxc5+ bxc5
34. f4 Re8 35. Rxe8+ Kxe8 36. f5 Nf4 37. Kh2 Kd7 38. Nd2 Kc6 39. Nf3 0-1

[Event "Gibraltar ChallWk2 13th"]
[Site "Gibraltar"]
[Date "2015.01.31"]
[Round "1.3"]
[White "Longa Yauca, Javier"]
[Black "Machlik, Monika"]
[Result "1-0"]
[ECO "A47"]
[WhiteElo "2245"]
[BlackElo "2015"]
[PlyCount "123"]
[EventDate "2015.01.31"]
[EventType "swiss"]
[EventRounds "5"]
[EventCountry "GGB"]
[SourceTitle "BritBase"]
[Source "www.saund.co.uk"]
[SourceDate "2018.02.10"]
[SourceVersion "1"]
[SourceVersionDate "2018.02.10"]
[SourceQuality "1"]
[TimeControl "7200+1250"]
[WhiteClock "0:03:12"]
[BlackClock "0:00:20"]

1. d4 Nf6 2. Nf3 e6 3. Bg5 h6 4. Bh4 c5 5. e3 b6 6. Bd3 Bb7 7. O-O Be7 8. c3
O-O 9. Nbd2 Nc6 10. Re1 cxd4 11. exd4 Nd5 12. Bg3 f5 13. h3 Qe8 14. Bh2 Nf6 15.
Nc4 Ne4 16. d5 Nd8 17. d6 Bf6 18. a4 Nf7 19. Qc2 Qc8 20. Rad1 g5 21. Bf1 Kh8
22. Nd4 Rg8 23. Nb5 Nc5 24. a5 bxa5 25. Nxa5 Be4 26. Qe2 Bd8 27. Qh5 Kg7 28.
Nc7 Bxc7 29. dxc7 f4 30. b4 Bg6 31. Qf3 Qxc7 32. c4 Na6 33. c5 Qc8 34. Qc3+ Kh7
35. Bd3 Nc7 36. Qf6 Bxd3 37. Rxd3 Rg7 38. Qd4 Nd5 39. b5 Rb8 40. Rb3 Nh8 41. c6
Ng6 42. g3 Qc7 43. Qd2 Qd6 44. Nc4 Qc7 45. Qd3 Re7 46. Ne5 Rg8 47. gxf4 gxf4
48. Kh1 d6 49. Nd7 Qd8 50. Rg1 Reg7 51. Ra3 Kh8 52. Qd4 Nde7 53. Qxd6 e5 54. c7
Qc8 55. b6 Nf5 56. Qf6 Qxd7 57. Rxg6 Qd1+ 58. Bg1 Qd5+ 59. Kh2 axb6 60. Rxg7
Rxg7 61. c8=Q+ Kh7 62. Qcxf5+ 1-0

[Event "Gibraltar ChallWk2 13th"]
[Site "Gibraltar"]
[Date "2015.01.31"]
[Round "1.4"]
[White "Nwoye, Nnamdi"]
[Black "O'Toole, George E"]
[Result "1-0"]
[ECO "A10"]
[WhiteElo "2015"]
[BlackElo "2242"]
[PlyCount "83"]
[EventDate "2015.01.31"]
[EventType "swiss"]
[EventRounds "5"]
[EventCountry "GGB"]
[SourceTitle "BritBase"]
[Source "www.saund.co.uk"]
[SourceDate "2018.02.10"]
[SourceVersion "1"]
[SourceVersionDate "2018.02.10"]
[SourceQuality "1"]
[TimeControl "7200+965"]
[WhiteClock "0:08:04"]
[BlackClock "0:05:47"]

1. Nf3 d6 2. c4 g6 3. b3 Bg7 4. Nc3 Nf6 5. Rb1 O-O 6. g3 e5 7. d3 a5 8. Bg2 Re8
9. Nd2 c6 10. O-O Be6 11. a3 d5 12. b4 axb4 13. axb4 Nbd7 14. Qc2 Qe7 15. b5
Nc5 16. Bb2 d4 17. Nce4 cxb5 18. Nxf6+ Bxf6 19. cxb5 Rec8 20. Nc4 Na4 21. Ra1
Bxc4 22. dxc4 Qb4 23. Bxb7 Rxc4 24. Ba3 Qxb5 25. Qd3 e4 26. Bxe4 Rac8 27. Rab1
Qe8 28. Rbc1 Nc3 29. Bf3 h5 30. h4 Be7 31. Ra1 Bf6 32. Bc1 R4c5 33. Bf4 Rf5 34.
Bd6 Qd7 35. Ra6 Kg7 36. Kg2 Rd8 37. Rfa1 Be5 38. Bxe5+ Rxe5 39. Ra7 Qe8 40.
R1a6 Re7 41. Ra8 Rxa8 42. Qxd4+ 1-0

[Event "Gibraltar ChallWk2 13th"]
[Site "Gibraltar"]
[Date "2015.01.31"]
[Round "1.5"]
[White "Vea, Odin Blikra"]
[Black "Hamer, Martyn"]
[Result "1-0"]
[ECO "B03"]
[WhiteElo "2242"]
[BlackElo "2014"]
[PlyCount "67"]
[EventDate "2015.01.31"]
[EventType "swiss"]
[EventRounds "5"]
[EventCountry "GGB"]
[SourceTitle "BritBase"]
[Source "www.saund.co.uk"]
[SourceDate "2018.02.10"]
[SourceVersion "1"]
[SourceVersionDate "2018.02.10"]
[SourceQuality "1"]
[TimeControl "7200+425"]
[WhiteClock "1:10:48"]
[BlackClock "0:53:34"]

1. e4 Nf6 2. e5 Nd5 3. d4 d6 4. Bc4 c6 5. Nf3 dxe5 6. dxe5 g6 7. Nc3 Qa5 8.
Bxd5 cxd5 9. Qxd5 Qxd5 10. Nxd5 Na6 11. O-O Be6 12. Nf4 Bg4 13. Ng5 h6 14. Ne4
g5 15. f3 Bf5 16. Nd3 Rc8 17. Be3 b6 18. c3 Bg7 19. a4 Bxe4 20. fxe4 e6 21. a5
Nc5 22. Nxc5 bxc5 23. b4 cxb4 24. cxb4 a6 25. b5 axb5 26. a6 Bxe5 27. Rab1 f6
28. Rxb5 Rh7 29. a7 Rd7 30. Rfb1 Rdd8 31. Rb7 h5 32. Rh7 Kf8 33. h4 Rc7 34.
Rh8+ 1-0

[Event "Gibraltar ChallWk2 13th"]
[Site "Gibraltar"]
[Date "2015.01.31"]
[Round "1.6"]
[White "Ramirez Dominguez, Agustin"]
[Black "Galmandakh, Badrakh"]
[Result "0-1"]
[ECO "C41"]
[WhiteElo "2013"]
[BlackElo "2240"]
[PlyCount "66"]
[EventDate "2015.01.31"]
[EventType "swiss"]
[EventRounds "5"]
[EventCountry "GGB"]
[SourceTitle "BritBase"]
[Source "www.saund.co.uk"]
[SourceDate "2018.02.10"]
[SourceVersion "1"]
[SourceVersionDate "2018.02.10"]
[SourceQuality "1"]
[TimeControl "7200+1185"]
[WhiteClock "0:12:44"]
[BlackClock "1:30:37"]

1. e4 d6 2. d4 Nf6 3. Nc3 e5 4. Nf3 Nbd7 5. Bc4 Be7 6. h3 c6 7. Bb3 O-O 8. O-O
b5 9. a3 Bb7 10. Re1 a6 11. Bg5 h6 12. Bh4 Nh5 13. Bxe7 Qxe7 14. Ne2 Qf6 15. c3
Rad8 16. Bc2 Rfe8 17. Qd3 Nf8 18. Nh2 Bc8 19. Qf3 Qg5 20. Kh1 Ne6 21. Qe3 Nhf4
22. Qg3 Qf6 23. Nf3 Nh5 24. Qh2 Nef4 25. Neg1 g6 26. Bd1 c5 27. d5 c4 28. Bc2
Bd7 29. Rad1 Rb8 30. g3 Nxh3 31. Nxh3 Qxf3+ 32. Kg1 Nf6 33. Re3 Qh5 0-1

[Event "Gibraltar ChallWk2 13th"]
[Site "Gibraltar"]
[Date "2015.01.31"]
[Round "1.7"]
[White "Ibarra Jerez, Juan Miguel"]
[Black "Campbell, Ian"]
[Result "1-0"]
[ECO "B06"]
[WhiteElo "2238"]
[BlackElo "2012"]
[PlyCount "101"]
[EventDate "2015.01.31"]
[EventType "swiss"]
[EventRounds "5"]
[EventCountry "GGB"]
[SourceTitle "BritBase"]
[Source "www.saund.co.uk"]
[SourceDate "2018.02.10"]
[SourceVersion "1"]
[SourceVersionDate "2018.02.10"]
[SourceQuality "1"]
[TimeControl "7200+650"]
[WhiteClock "0:44:10"]
[BlackClock "0:17:42"]

1. g3 g6 2. Bg2 Bg7 3. e4 d6 4. d4 Nd7 5. Ne2 c6 6. a4 Qc7 7. O-O Ngf6 8. Nbc3
O-O 9. a5 Rb8 10. h3 b6 11. axb6 axb6 12. d5 Bb7 13. Nd4 c5 14. Ndb5 Qd8 15.
Be3 Ra8 16. Na7 Ne5 17. Qe2 Re8 18. Ncb5 Ned7 19. Rfd1 Qb8 20. Kh2 Nf8 21. c3
N6d7 22. Qc2 h6 23. f4 Kh7 24. Bf2 h5 25. Bf3 Kg8 26. Kg2 Nh7 27. Nc6 Qc8 28.
Nxe7+ Rxe7 29. Nxd6 Qb8 30. Nxb7 Rxa1 31. Rxa1 Qxb7 32. e5 Nxe5 33. fxe5 Rxe5
34. h4 Nf6 35. b4 Qc7 36. bxc5 bxc5 37. Ra8+ Bf8 38. Qd2 Qd6 39. Be3 Re8 40.
Ra4 Qd7 41. Ra6 Ng4 42. Bf4 Ne5 43. Be2 Bd6 44. Qa2 Rd8 45. Ra7 Qf5 46. Qd2
Qe4+ 47. Kh2 Nf3+ 48. Bxf3 Qxf3 49. Bxd6 Rxd6 50. c4 Qe4 51. Qf4 1-0

[Event "Gibraltar ChallWk2 13th"]
[Site "Gibraltar"]
[Date "2015.01.31"]
[Round "1.8"]
[White "Nilsen, Martin"]
[Black "Scharrer, Patrick"]
[Result "0-1"]
[ECO "E61"]
[WhiteElo "2011"]
[BlackElo "2231"]
[PlyCount "136"]
[EventDate "2015.01.31"]
[EventType "swiss"]
[EventRounds "5"]
[EventCountry "GGB"]
[SourceTitle "BritBase"]
[Source "www.saund.co.uk"]
[SourceDate "2018.02.10"]
[SourceVersion "1"]
[SourceVersionDate "2018.02.10"]
[SourceQuality "1"]
[TimeControl "6600+1035"]
[WhiteClock "0:02:40"]
[BlackClock "0:01:30"]

1. e3 g6 2. c4 Bg7 3. Nc3 d6 4. d4 e5 5. Nf3 Nd7 6. Be2 Ngf6 7. O-O O-O 8. b4
Re8 9. Qc2 Nf8 10. d5 a5 11. bxa5 N8d7 12. Nd2 Rxa5 13. Nb3 Ra8 14. e4 Nc5 15.
Nxc5 dxc5 16. Be3 Qe7 17. Rfd1 Rf8 18. Bg5 h6 19. d6 cxd6 20. Nd5 Qd8 21. Nxf6+
Bxf6 22. Bxh6 Bg7 23. Be3 Qe7 24. Rab1 Ra6 25. Bf3 Qh4 26. Qd2 Bf6 27. Bh6 Re8
28. g3 Qh3 29. Bg5 Bxg5 30. Qxg5 Kg7 31. Bg2 Qe6 32. Qd2 Qxc4 33. Bf1 Qxe4 34.
Bxa6 bxa6 35. Qd5 Bf5 36. Qxe4 Bxe4 37. Rb6 d5 38. Rxa6 d4 39. Kf1 c4 40. Ke2
Rb8 41. f4 Rb2+ 42. Ke1 f6 43. Ra7+ Kh6 44. Ra4 c3 45. fxe5 fxe5 46. h4 Rh2 47.
Ra5 c2 48. Rc1 d3 49. Rxc2 dxc2 50. Rc5 Bd3 51. a4 Re2+ 52. Kf1 c1=Q+ 53. Rxc1
Rc2+ 54. Kg1 Rxc1+ 55. Kg2 Ra1 56. Kh3 Rxa4 57. g4 Kg7 58. Kg3 Rf4 59. Kh3 e4
60. Kg3 Rf8 61. g5 e3 62. h5 gxh5 63. Kh4 Bg6 64. Kh3 e2 65. Kg2 e1=Q 66. Kh3
Rf3+ 67. Kg2 Qg3+ 68. Kh1 Rf1# 0-1

[Event "Gibraltar ChallWk2 13th"]
[Site "Gibraltar"]
[Date "2015.01.31"]
[Round "1.9"]
[White "Hoffmann, Hendrik"]
[Black "Rogozenco, Teodora"]
[Result "1-0"]
[ECO "B07"]
[WhiteElo "2206"]
[BlackElo "2011"]
[PlyCount "61"]
[EventDate "2015.01.31"]
[EventType "swiss"]
[EventRounds "5"]
[EventCountry "GGB"]
[SourceTitle "BritBase"]
[Source "www.saund.co.uk"]
[SourceDate "2018.02.10"]
[SourceVersion "1"]
[SourceVersionDate "2018.02.10"]
[SourceQuality "1"]
[TimeControl "7200+1280"]
[WhiteClock "0:34:41"]
[BlackClock "0:16:44"]

1. e4 d6 2. d4 Nf6 3. Nc3 e5 4. Nge2 g6 5. Bg5 h6 6. dxe5 hxg5 7. exf6 Nd7 8.
Nd5 Nxf6 9. Nec3 Bg7 10. Ne3 Qe7 11. Qd3 Be6 12. O-O-O O-O 13. g3 g4 14. h4
Rfd8 15. Ncd5 Qe8 16. Nxc7 Qa4 17. Nxe6 fxe6 18. Qc4 Qe8 19. Be2 Rac8 20. Qb3
Nxe4 21. Nxg4 Nc5 22. Qf3 Qe7 23. h5 Na4 24. hxg6 Bxb2+ 25. Kb1 Rf8 26. Nh6+
Kg7 27. Nf7 Rxf7 28. Rh7+ Kg8 29. gxf7+ Kxh7 30. Rh1+ Kg7 31. Qg4+ 1-0